AoeStats
← Sallvh

African Clearing

505666296Analyzed
4v4 RM · 21d ago on Sep 10, 2026· 57m 48s· 8 players
Game mode
Random Map
Map size
Large (8 player)
Population
200
Speed
Normal
Resources
Standard
Victory
Conquest
Starting age
Dark Age
Ending age
Imperial Age
RankedLock teamsTeams togetherTeam positionsShared explorationLock speedFull tech treeHidden civsTurbo modeCheats
Victory
Defeat
🇹🇼 Mapuche · Taiwan
1255
+16
🇨🇳 Cumans · China
1242
+16
🇨🇳 Teutons · China
1242
+17
🇭🇰 Burgundians · Hong Kong SAR China
1221
+17
🇹🇼 Georgians · Taiwan
1272
-17
🇨🇳 Lithuanians · China
1270
-17
🇧🇷 Cumans · Brazil
1262
-17
🇹🇷 Koreans · Türkiye
1226
-15
clp0526
12:58 Feudal Age
17:59 Castle Age
19:28 Loom
33:44 Forging
39:49 Double-Bit Axe
39:49 Horse Collar
40:54 Heavy Plow
41:04 Bow Saw
44:09 Wheelbarrow
45:36 Gold Mining
47:58 Iron Casting
47:46 Hand Cart
51:10 Gold Shaft Mining
50:25 Stone Mining
56:01 Imperial Age
54:25 Fletching
54:36 Padded Archer Armor
54:36 Scale Mail Armor
54:57 Malon
54:31 Elite Skirmisher
55:35 Ballistics
57:12 Bodkin Arrow
57:32 Leather Archer Armor
IceFish
3:46 Loom
15:08 Feudal Age
15:35 Double-Bit Axe
15:34 Horse Collar
20:36 Castle Age
19:32 Scale Mail Armor
19:06 Man-at-Arms
21:29 Bow Saw
21:31 Heavy Plow
22:44 Squires
24:42 Pikeman
27:54 Town Watch
31:56 Wheelbarrow
31:49 Fletching
32:37 Ballistics
33:52 Forging
38:15 Gambesons
41:08 Imperial Age
39:19 Hand Cart
39:17 Arson
39:35 Gold Mining
39:56 Bodkin Arrow
41:09 Chain Mail Armor
41:25 Halberdier
42:42 Conscription
43:46 Elite Teutonic Knight
45:11 Plate Mail Armor
46:01 Iron Casting
46:37 Ironclad
47:45 Blast Furnace
47:08 Crenellations
48:44 Chemistry
48:10 Fortified Wall
48:12 Masonry
49:28 Two-Man Saw
50:59 Hoardings
50:22 Stone Mining
52:49 Heavy Scorpion
53:49 Sappers
56:52 Onager
别忘了喝醉
3:29 Loom
12:35 Feudal Age
19:36 Castle Age
18:21 Double-Bit Axe
23:20 Scale Barding Armor
23:19 Husbandry
27:58 Wheelbarrow
28:27 Forging
28:57 Horse Collar
30:24 Heavy Plow
36:06 Imperial Age
33:38 Gold Mining
33:39 Stone Mining
34:05 Bow Saw
33:50 Pikeman
34:30 Squires
35:03 Scale Mail Armor
35:39 Iron Casting
36:03 Chain Mail Armor
37:04 Crop Rotation
36:22 Halberdier
37:35 Conscription
37:29 Stone Mining
38:14 Gold Shaft Mining
37:33 Town Watch
38:04 Hand Cart
39:15 Plate Mail Armor
39:45 Blast Furnace
40:52 Blast Furnace
40:24 Burgundian Vineyards
40:40 Arson
42:14 Chemistry
43:03 Two-Man Saw
43:30 Fortified Wall
43:32 Masonry
44:16 Chain Barding Armor
47:03 Padded Archer Armor
46:53 Fletching
49:50 Bodkin Arrow
50:10 Leather Archer Armor
49:56 Cavalier
Sallvh
7:50 Loom
13:12 Feudal Age
15:01 Double-Bit Axe
16:24 Horse Collar
19:52 Forging
19:48 Scale Barding Armor
20:19 Town Watch
21:49 Gold Mining
22:15 Bloodlines
24:54 Wheelbarrow
28:04 Castle Age
29:33 Iron Casting
29:19 Chain Barding Armor
29:56 Bow Saw
30:25 Gold Shaft Mining
31:56 Town Patrol
35:14 Imperial Age
32:46 Stone Mining
33:21 Hand Cart
35:44 Cavalier
37:39 Two-Man Saw
37:39 Squires
40:47 Heavy Plow
40:56 Pikeman
41:22 Arson
43:13 Blast Furnace
43:17 Plate Barding Armor
43:05 Ballistics
43:15 Halberdier
45:55 Crop Rotation
45:01 Paladin
46:08 Fletching
46:19 Scale Mail Armor
46:50 Conscription
46:32 Steppe Husbandry
46:35 Light Cavalry
47:36 Cuman Mercenaries
47:07 Sappers
49:51 Hussar
53:04 Bodkin Arrow
53:28 Chain Mail Armor
58:41 Chemistry
57:37 Murder Holes
57:53 Masonry
Fs.Emmanuel
3:15 Loom
7:24 Loom
12:50 Feudal Age
13:30 Double-Bit Axe
15:27 Wheelbarrow
15:13 Horse Collar
23:32 Castle Age
22:35 Bloodlines
22:32 Scale Barding Armor
23:28 Forging
24:59 Bow Saw
24:54 Heavy Plow
25:30 Gold Mining
26:48 Chain Barding Armor
28:02 Gold Shaft Mining
30:13 Iron Casting
31:37 Stone Mining
35:13 Imperial Age
35:17 Cavalier
36:35 Plate Barding Armor
35:26 Light Cavalry
36:29 Conscription
36:10 Town Watch
36:47 Hand Cart
36:49 Paladin
38:20 Crop Rotation
38:58 Two-Man Saw
39:09 Blast Furnace
39:07 Fletching
39:25 Padded Archer Armor
40:22 Parthian Tactics
40:18 Bodkin Arrow
41:25 Chemistry
42:18 Leather Archer Armor
43:06 Ballistics
42:09 Heavy Cavalry Archer
43:33 Ring Archer Armor
43:55 Hoardings
44:42 Thumb Ring
45:19 Steppe Husbandry
45:52 Capped Ram
46:01 Hussar
46:45 Siege Ram
48:58 Cuman Mercenaries
50:23 Murder Holes
50:39 Masonry
50:07 Elite Kipchak
53:45 Heated Shot
54:16 Town Patrol
CorumluTony
4:19 Loom
12:36 Feudal Age
13:17 Double-Bit Axe
17:11 Fletching
25:20 Castle Age
26:13 Bodkin Arrow
31:24 Bow Saw
visionary
6:06 Loom
12:36 Feudal Age
16:34 Castle Age
15:13 Double-Bit Axe
18:18 Bow Saw
20:25 Wheelbarrow
21:08 Town Watch
22:08 Horse Collar
22:55 Gold Mining
22:56 Stone Mining
24:46 Bloodlines
24:37 Husbandry
28:07 Hand Cart
33:15 Imperial Age
33:45 Imperial Age
31:22 Scale Barding Armor
30:39 Light Cavalry
33:01 Stone Shaft Mining
32:27 Heavy Plow
33:58 Chain Barding Armor
33:49 Forging
33:50 Cavalier
36:05 Plate Barding Armor
36:14 Conscription
36:00 Aznauri Cavalry
37:20 Iron Casting
37:02 Town Patrol
36:27 Elite Monaspa
38:53 Crop Rotation
39:22 Aznauri Cavalry
41:27 Blast Furnace
41:53 Fletching
42:04 Padded Archer Armor
44:14 Bodkin Arrow
44:34 Leather Archer Armor
47:23 Bracer
47:23 Scale Mail Armor
46:46 Man-at-Arms
46:47 Pikeman
47:27 Squires
47:12 Gambesons
47:13 Arson
47:18 Capped Ram
47:20 Heavy Scorpion
48:10 Siege Engineers
48:25 Ballistics
49:06 Chemistry
49:04 Coinage
48:48 Halberdier
48:48 Long Swordsman
Kobe Cashon
14:19 Feudal Age
16:26 Double-Bit Axe
19:19 Castle Age
17:42 Horse Collar
19:35 Forging
19:30 Scale Barding Armor
19:25 Gold Mining
19:33 Loom
20:23 Bloodlines
20:16 Husbandry
20:29 Forging
20:32 Bow Saw
23:31 Wheelbarrow
25:48 Heavy Plow
Connection lost

Rejoining the realm…

Still unreachable

The connection could not be restored.

Session expired

The server has moved on; the page needs a fresh start.